Map: Estaleiro Orbital

Players

Turin

  • Race: Zerg Zerg
  • League: Master

TheZergLord - Winner!

  • Race: Zerg Zerg
  • League: Master

VOD

Have the link to the VOD?

Description

Time

  • Played on: Feb. 18, 2016, 6:49 a.m.
  • Length: 11:12
Show
View Real Time Build Order
Export as new Build Order

Turin Zerg 

Build Orders: Pool First, Lurkers 

Get SALT Encoding   

  12  0:01  Drone  
  13  0:12  Overlord  
  13  0:17  Drone  
  13  0:20  Extractor  
  13  0:23  Drone  
  15  0:31  Drone  
  15  0:34  Drone  
  17  0:43  Extractor  
  17  0:49  Spawning Pool  
  15  0:51  Drone  
  15  0:56  Drone  
  17  1:19  Hatchery  
  17  1:22  Drone  
  17  1:36  Queen  
  17  1:38  Zergling x2  
  20  1:45  Metabolic Boost  
  20  1:51  Overlord  
  20  1:59  Zergling x4  
  22  2:11  Drone  
  22  2:12  Queen  
  22  2:15  Drone  
  26  2:25  Drone  
  27  2:31  Baneling Nest  
  26  2:40  Drone x2  
  28  2:49  Drone x4  
  32  2:52  Overlord  
  32  2:56  Drone  
  32  3:07  Zergling x2  
  32  3:08  Zergling x2  
  34  3:14  Zergling x4  
  36  3:23  Overlord  
  36  3:24  Zergling x2  
  36  3:25  Overlord  
  35  3:49  Drone x6  
  35  3:52  Hatchery  
  37  4:03  Drone x2  
  37  4:06  Drone  
  37  4:07  Zergling x6  
  37  4:08  Roach Warren  
  37  4:09  Zergling x2  
  41  4:20  Drone x3  
  41  4:23  Spine Crawler  
  43  4:27  Lair  
  43  4:29  Extractor  
  43  4:31  Extractor x2  
  41  4:32  Drone x2  
  41  4:34  Drone  
  41  4:36  Drone  
  44  4:38  Drone  
  44  4:41  Baneling  
  44  4:42  Baneling x3  
  44  4:44  Zergling x2  
  46  4:48  Roach  
  46  4:51  Roach  
  48  4:53  Roach  
  48  4:59  Roach  
  41  5:00  Roach  
  40  5:07  Queen  
  40  5:09  Drone  
  40  5:11  Drone  
  40  5:12  Drone  
  45  5:17  Drone  
  45  5:18  Drone x2  
  48  5:23  Ravager  
  48  5:24  Ravager  
  48  5:26  Drone  
  48  5:27  Ravager  
  52  5:32  Overlord  
  52  5:34  Drone  
  53  5:36  Ravager  
  53  5:40  Drone  
  55  5:44  Drone  
  56  5:51  Drone  
  56  5:52  Drone x2  
  59  5:57  Drone  
  59  5:59  Drone  
  59  6:02  Extractor  
  60  6:04  Extractor  
  59  6:15  Drone, Spire  
  59  6:17  Drone x3  
  62  6:19  Drone x3  
  62  6:20  Drone  
  62  6:22  Overlord  
  66  6:31  Overlord x2  
  66  6:46  Spore Crawler  
  65  6:47  Spore Crawler  
  65  6:49  Drone x3, Spore Crawler  
  65  6:51  Spore Crawler  
  65  6:52  Drone x2  
  65  6:53  Drone  
  68  6:57  Spore Crawler  
  68  6:59  Drone  
  68  7:00  Drone  
  69  7:05  Drone  
  70  7:14  Overlord  
  70  7:36  Mutalisk x9  
  82  7:39  Mutalisk  
  82  7:42  Mutalisk  
  92  7:46  Mutalisk  
  92  7:50  Mutalisk  
  96  7:52  Mutalisk  
  96  7:56  Zerg Flyer Weapons Level 1  
  98  8:01  Overlord x2  
  98  8:10  Overlord  
  98  8:16  Hydralisk Den  
  98  8:19  Evolution Chamber x2  
  96  8:20  Drone x5  
  96  8:25  Drone x3  
  103  8:30  Mutalisk  
  105  8:35  Mutalisk x2  
  105  8:38  Drone  
  105  8:40  Overlord  
  110  8:42  Drone x2  
  112  9:11  Drone x2, Lurker Den  
  112  9:15  Queen  
  114  9:19  Infestation Pit  
  113  9:24  Hydralisk x2  
  113  9:27  Hydralisk x2  
  120  9:36  Hydralisk x5  
  130  9:39  Overlord  
  130  9:40  Hatchery  
  130  9:43  Overlord  
  129  9:47  Drone  
  130  10:03  Hydralisk x2  
  130  10:04  Drone x2  
  130  10:05  Drone x2  
  130  10:06  Drone x2  
  140  10:08  Drone  
  141  10:36  Hydralisk  
  141  10:37  Hydralisk  
  141  10:39  Overlord x4  
  142  10:45  Lurker x2  
  142  10:46  Lurker x5  
Show
View Real Time Build Order
Export as new Build Order

TheZergLord Zerg - Winner!

Build Orders: Hatch First, Zergling Baneling 

Get SALT Encoding   

  12  0:01  Drone  
  13  0:12  Overlord  
  13  0:17  Drone  
  14  0:31  Drone x2  
  14  0:34  Drone  
  17  0:55  Hatchery  
  17  0:56  Drone  
  17  1:09  Spawning Pool  
  17  1:11  Extractor  
  15  1:14  Drone  
  15  1:17  Drone  
  17  1:20  Drone  
  18  1:28  Drone  
  19  1:39  Overlord  
  19  1:56  Queen  
  19  1:57  Zergling x2  
  22  2:03  Drone  
  22  2:08  Queen  
  23  2:14  Drone x2  
  23  2:15  Metabolic Boost  
  27  2:25  Zergling x4  
  29  2:41  Queen, Baneling Nest  
  29  2:44  Zergling x2  
  31  2:45  Overlord  
  31  2:49  Drone x2  
  33  3:01  Drone  
  33  3:02  Drone x2  
  36  3:07  Drone  
  37  3:18  Overlord  
  37  3:25  Baneling x2  
  37  3:35  Overlord  
  37  3:38  Drone x3  
  37  3:39  Drone x2  
  42  3:43  Zergling x2  
  42  3:46  Baneling x5  
  41  4:09  Zergling x2  
  42  4:10  Zergling x10  
  42  4:15  Drone  
  47  4:21  Drone x4  
  51  4:30  Hatchery  
  50  4:35  Overlord x2  
  50  4:39  Baneling x3  
  41  5:10  Lair  
  41  5:11  Drone x2  
  41  5:14  Zergling x12  
  45  5:15  Zergling x6  
  45  5:17  Spine Crawler  
  45  5:18  Queen, Extractor  
  45  5:20  Extractor  
  51  5:27  Drone, Extractor  
  51  5:28  Drone  
  52  5:37  Roach Warren  
  52  5:41  Drone x2  
  52  5:42  Drone x6  
  60  5:54  Drone x4  
  63  6:00  Evolution Chamber  
  62  6:06  Drone x3  
  63  6:22  Glial Reconstitution  
  63  6:24  Roach x4  
  63  6:25  Roach  
  73  6:26  Pneumatized Carapace  
  73  6:27  Zerg Missile Weapons Level 1  
  73  6:29  Overlord x3  
  73  6:30  Overlord x2  
  73  6:34  Overseer  
  73  6:43  Overlord x3  
  73  6:49  Drone x5  
  73  6:52  Extractor x2  
  75  6:54  Queen  
  75  6:55  Queen  
  79  7:05  Drone x3  
  79  7:06  Drone x6  
  79  7:07  Drone  
  89  7:21  Drone x5  
  94  7:30  Overlord  
  94  7:34  Drone x2, Spore Crawler  
  94  7:35  Spore Crawler  
  94  7:38  Drone x2  
  94  7:43  Spore Crawler  
  94  7:44  Spore Crawler  
  94  7:45  Spore Crawler  
  94  7:46  Drone, Spore Crawler  
  94  7:51  Drone  
  94  7:52  Hydralisk Den, Roach  
  94  7:53  Roach x4  
  103  8:07  Overlord x4  
  103  8:31  Zerg Missile Weapons Level 2  
  103  8:40  Muscular Augments  
  103  8:42  Hydralisk  
  103  8:43  Hydralisk x13  
  129  8:57  Extractor  
  123  9:17  Roach x3  
  123  9:18  Roach x7  
  143  9:26  Queen  
  144  9:40  Hydralisk x3  
  144  9:41  Hydralisk x3  
  156  9:50  Roach x2  
  160  9:54  Overlord x4  
  160  10:03  Overlord  
  160  10:15  Roach  
  160  10:16  Roach x5  
  160  10:19  Ravager  
  160  10:20  Ravager x8  
  181  10:22  Hatchery, Roach x2  
  181  10:26  Queen  
  181  10:37  Drone x3  
  183  10:43  Roach x6  
  183  10:44  Roach x2  
Tags
 
Add a new tag
Caveats
  • Supply blocks, unpowered buildings, or Contaminate may cause inaccurate times.
  • Supply counts are checked every 10 seconds.